[Event "ICC tourney 2692 (75 10)"]
[Site "Internet Chess Club"]
[Date "2021.09.25"]
[Round "3"]
[White "LIANG, JASON:Jupiter435"]
[Black "Belous, Vladimir:Openyagami"]
[Result "0-1"]
[ICCResult "White resigns"]
[WhiteElo "2316"]
[BlackElo "2614"]
[Opening "Sicilian: Hungarian variation"]
[ECO "B27"]
[NIC "SI.43"]
[Time "18:00:11"]
[TimeControl "4500+10"]

1. e4 c5 2. Nf3 g6 3. c3 Nf6 4. e5 Nd5 5. d4 cxd4 6. Qxd4 Nc7 7. Bc4 Nc6 8.
Qf4 Ne6 9. Bxe6 dxe6 10. O-O Bg7 11. Nbd2 O-O 12. Nc4 Qc7 13. a4 b6 14. b4
Bb7 15. Re1 Rac8 16. Na3 Nxe5 17. Nxe5 Qxc3 18. Bd2 Bxe5 19. Qg5 Bf6 20.
Bxc3 Bxg5 21. Bf6 Bxf6 22. Rab1 Rfd8 23. a5 bxa5 24. bxa5 Ba6 25. Nb5 Bxb5
26. Rxb5 Rd5 27. Rxd5 exd5 28. Rd1 Rc5 29. g4 Rxa5 30. f4 Ra1 31. g5 Rxd1+
{White resigns}
0-1

[Event "ICC tourney 2692 (75 10)"]
[Site "Internet Chess Club"]
[Date "2021.09.25"]
[Round "3"]
[White "SHEEHAN, ETHAN THOMAS:Chessking2008"]
[Black "SHAWKAT, SAIF:saif-shawkat"]
[Result "1-0"]
[ICCResult "Black resigns"]
[WhiteElo "2180"]
[BlackElo "1953"]
[Opening "King's Indian: orthodox variation"]
[ECO "E94"]
[NIC "KI.15"]
[Time "18:00:20"]
[TimeControl "4500+10"]

1. c4 Nf6 2. Nc3 g6 3. e4 d6 4. d4 Bg7 5. Nf3 O-O 6. Be2 e5 7. O-O Bg4 8.
dxe5 Bxf3 9. exf6 Bxe2 10. Qxe2 Qxf6 11. Be3 Na6 12. f3 Nc5 13. Rac1 Rae8
14. Rfd1 Ne6 15. Qc2 Qh4 16. Bf2 Qh5 17. Nd5 f5 18. exf5 gxf5 19. Re1 Be5
20. Bg3 f4 21. Bf2 c6 22. Nc3 Nd4 23. Qd3 Nf5 24. c5 d5 25. Nxd5 Ne3 26.
Nxe3 fxe3 27. Bg3 Bxb2 28. Qb3+ Qd5 29. Qxb2 {Black resigns} 1-0

[Event "ICC tourney 2692 (75 10)"]
[Site "Internet Chess Club"]
[Date "2021.09.25"]
[Round "3"]
[White "JORAJURIA MENDOZA, ALGOL:AJM04"]
[Black "JEGAN, ALAN:playtowin2020"]
[Result "1-0"]
[ICCResult "Black resigns"]
[WhiteElo "2050"]
[BlackElo "1934"]
[Opening "Sicilian: closed"]
[ECO "B23"]
[NIC "SI.44"]
[Time "18:00:41"]
[TimeControl "4500+10"]

1. e4 c5 2. Nc3 g6 3. d4 cxd4 4. Qxd4 Nf6 5. Be3 Nc6 6. Qd2 Bg7 7. f3 O-O 8.
Nge2 Re8 9. O-O-O d6 10. Kb1 Bd7 11. h4 h5 12. Nf4 Ne5 13. Nfd5 Bc6 14. Be2
b6 15. Bg5 Nxd5 16. exd5 Bd7 17. Rhg1 Rc8 18. Bh6 Bh8 19. g4 hxg4 20. fxg4
Nc4 21. Bxc4 Rxc4 22. h5 Rxg4 23. hxg6 fxg6 24. Qe2 Qc8 25. Ne4 Bf5 26. Ng3
e6 27. Rde1 Kf7 28. Qf2 Bd4 29. Be3 Bxe3 30. Rxe3 exd5 31. Rf3 Qc5 32. Rxf5+
gxf5 33. Qxf5+ Ke7 34. Re1+ Re4 35. Nxe4 dxe4 36. Qxe4+ {Black resigns} 1-0

[Event "ICC tourney 2692 (75 10)"]
[Site "Internet Chess Club"]
[Date "2021.09.25"]
[Round "3"]
[White "MYSORE, ABHINAV NAVEEN:Mapking1"]
[Black "HO, CARTER:corviknight"]
[Result "1-0"]
[ICCResult "Black resigns"]
[WhiteElo "2012"]
[BlackElo "1903"]
[Opening "Ruy Lopez: closed, Breyer, Borisenko variation"]
[ECO "C95"]
[NIC "RL.25"]
[Time "18:00:16"]
[TimeControl "4500+10"]

1. e4 e5 2. Nf3 Nc6 3. Bb5 a6 4. Ba4 Nf6 5. O-O Be7 6. Re1 b5 7. Bb3 O-O 8.
h3 d6 9. c3 Nb8 10. d4 Nbd7 11. Nbd2 Bb7 12. Bc2 Re8 13. Nf1 Bf8 14. Ng3 g6
15. a4 c5 16. d5 c4 17. Nh2 h5 18. Bg5 Be7 19. Nf3 Nc5 20. Be3 Nfd7 21. Qd2
Qc7 22. Qe2 Nb6 23. a5 Nba4 24. Bxa4 Nxa4 25. Ng5 Qd8 26. h4 Bxg5 27. Bxg5
f6 28. Be3 Qe7 29. Rf1 Nc5 30. Bxc5 dxc5 31. f4 exf4 32. Rxf4 Bxd5 33. Qf2
Be6 34. Rxf6 Kg7 35. Rf1 Rf8 36. e5 Bg4 37. Qc2 {Black resigns} 1-0

[Event "ICC tourney 2692 (75 10)"]
[Site "Internet Chess Club"]
[Date "2021.09.25"]
[Round "3"]
[White "YERRA, SAI SNEHA:saisneha"]
[Black "REISS, AIDEN:K09-16581243"]
[Result "1-0"]
[ICCResult "Black resigns"]
[WhiteElo "1920"]
[BlackElo "2029"]
[Opening "Queen's Indian: Nimzovich variation (exaggerated fianchetto)"]
[ECO "E15"]
[NIC "QI.05"]
[Time "18:00:20"]
[TimeControl "4500+10"]

1. d4 Nf6 2. c4 e6 3. Nf3 b6 4. g3 Ba6 5. b3 Bb4+ 6. Bd2 Be7 7. Bg2 O-O 8.
O-O c5 9. Bc3 d5 10. Nbd2 Nbd7 11. Ne5 Bb7 12. Re1 Qc7 13. e3 Rad8 14. Qe2
Rfe8 15. Rac1 Nxe5 16. dxe5 Nd7 17. f4 d4 18. exd4 cxd4 19. Bxd4 Bc5 20. Be3
Bxe3+ 21. Qxe3 Nc5 22. Rcd1 Rd3 23. Qe2 Red8 24. Nf3 Qd7 25. Rxd3 Nxd3 26.
Rf1 b5 27. cxb5 Qxb5 28. Qe3 Qa5 29. Rd1 Qxa2 30. Rxd3 Qb1+ 31. Bf1 Rc8 32.
Qxa7 Be4 33. Qd7 Rf8 34. Rc3 g6 35. Nd2 Qd1 36. Nxe4 Qxd7 37. Nf6+ Kg7 38.
Nxd7 {Black resigns} 1-0

[Event "ICC tourney 2692 (75 10)"]
[Site "Internet Chess Club"]
[Date "2021.09.25"]
[Round "3"]
[White "REMPE, JONAS JAKOB RAZA:Drachekokosnuss"]
[Black "LYNN, BENNETT:ben622"]
[Result "0-1"]
[ICCResult "White resigns"]
[WhiteElo "2100"]
[BlackElo "2010"]
[Opening "Alekhine's defense: four pawns attack, Tartakower variation"]
[ECO "B02"]
[NIC "AL.07"]
[Time "18:00:41"]
[TimeControl "4500+10"]

1. e4 Nf6 2. e5 Nd5 3. c4 Nb6 4. d4 d6 5. f4 dxe5 6. fxe5 Nc6 7. Be3 Bf5 8.
Nc3 e6 9. Be2 Qd7 10. Nf3 O-O-O 11. O-O Be7 12. a3 f6 13. b4 fxe5 14. b5
Nxd4 15. Nxe5 Nxe2+ 16. Qxe2 Qe8 17. a4 Nd7 18. Nxd7 Rxd7 19. Rfd1 Bf6 20.
Rxd7 Qxd7 21. Rd1 Qe7 22. Bd4 Rd8 23. Qf2 Qd7 24. Nd5 Bxd4 25. Rxd4 Kb8 26.
Qf4 Qd6 27. Qxd6 Rxd6 28. Rf4 g6 29. g4 exd5 30. gxf5 Rf6 31. cxd5 Rxf5 32.
Rxf5 gxf5 33. Kf2 Kc8 34. Kf3 Kd7 35. Kf4 Kd6 36. Kxf5 Kxd5 37. h4 c5 38.
bxc6 bxc6 39. h5 c5 40. Kf6 c4 41. Kg7 c3 42. Kxh7 c2 43. h6 c1=Q 44. Kg7
Qg5+ 45. Kh7 a5 46. Kh8 Qxh6+ 47. Kg8 Qg6+ 48. Kf8 Qh7 49. Ke8 Ke6
{White resigns}
0-1

[Event "ICC tourney 2692 (75 10)"]
[Site "Internet Chess Club"]
[Date "2021.09.25"]
[Round "3"]
[White "VAKHIDOV, JAKHONGIR:TjkTiger"]
[Black "Volkov, Sergey:Volkov"]
[Result "0-1"]
[ICCResult "White forfeits on time"]
[WhiteElo "2581"]
[BlackElo "2607"]
[Opening "English, Kramnik-Shirov counterattack"]
[ECO "A21"]
[NIC "EO.23"]
[Time "18:00:14"]
[TimeControl "4500+10"]

1. c4 e5 2. Nc3 Bb4 3. Nd5 Bc5 4. e3 Nf6 5. b4 Nxd5 6. bxc5 Nf6 7. Nf3 Qe7
8. Bb2 Nc6 9. d4 exd4 10. Nxd4 Nxd4 11. Qxd4 b6 12. Qe5 Bb7 13. Qxc7 Bc6 14.
Qe5 bxc5 15. Rd1 Rd8 16. Be2 d6 17. Qg5 O-O 18. Bf3 Bxf3 19. gxf3 h6 20. Qh4
Kh7 21. Rg1 Rg8 22. Rxg7+ Kxg7 23. Ke2 Rd7 24. Bxf6+ Qxf6 25. Rg1+ Qg6 26.
Rxg6+ fxg6 27. Qe4 Rf8 28. h4 Rf6 29. f4 h5 30. a4 Rdf7 31. a5 Kh7 32. Kd3
Kg7 33. Kc3 Kh7 34. Kb3 Kg7 35. Ka4 Kh7 36. Kb5 Kg7 37. Qd5 Kh7 38. Qa8 Kg7
39. Kc6 Kh7 40. Qe8 Kg7 41. a6 Rf8 42. Qd7+ R6f7 43. Qh3 Rf5 44. Qg2 Rb8 45.
Qe4 Rb6+ 46. Kc7 Rf7+ 47. Kc8 Rf8+ 48. Kd7 Rxa6 {White forfeits on time} 0-1

[Event "ICC tourney 2692 (75 10)"]
[Site "Internet Chess Club"]
[Date "2021.09.25"]
[Round "3"]
[White "JACOBSON, BRANDON:tactics321"]
[Black "HEBDEN, MARK L:mhebden"]
[Result "1/2-1/2"]
[ICCResult "Game drawn by mutual agreement"]
[WhiteElo "2489"]
[BlackElo "2503"]
[Opening "Scotch: Mieses variation"]
[ECO "C45"]
[NIC "SO.04"]
[Time "18:00:41"]
[TimeControl "4500+10"]

1. e4 e5 2. Nf3 Nc6 3. d4 exd4 4. Nxd4 Nf6 5. Nxc6 bxc6 6. e5 Qe7 7. Qe2 Nd5
8. g3 g6 9. c4 Nb6 10. b3 Bg7 11. f4 f6 12. a4 a5 13. Ba3 c5 14. Bb2 fxe5
15. Bg2 Rb8 16. O-O O-O 17. Nd2 d6 18. fxe5 Bf5 19. Rae1 Nxa4 20. Bd5+ Kh8
21. exd6 Qxe2 22. Bxg7+ Kxg7 23. Rxe2 c6 24. Re7+ Kh6 25. Bxc6 Nb6 26. g4
Bxg4 27. Rxf8 Rxf8 28. d7 Bxd7 29. Bxd7 Rd8 30. Re6 Rxd7 31. Ne4 Rd1+ 32.
Kg2 Nd7 33. Re7 g5 34. Re6+ Kg7 35. Nxg5 Nf6 36. Ra6 Rd2+ 37. Kg3 Rd3+ 38.
Kf4 Rxb3 39. Kf5 Nd7 40. Rxa5 h6 41. Ne6+ Kf7 42. Ra7 Rf3+ 43. Nf4 Ke8 44.
Ra8+ Kf7 45. Ra7 Ke8 46. Ra6 Re3 47. Nd5 Rh3 48. Ke6 Nf8+ 49. Kf6 Rxh2 50.
Ra8+ Kd7 51. Rxf8 Rf2+ 52. Kg7 Rxf8 53. Kxf8 Ke6 54. Kg7 h5 55. Kg6 h4 56.
Ne3 Ke5 57. Kg5 {Game drawn by mutual agreement} 1/2-1/2

[Event "ICC tourney 2692 (75 10)"]
[Site "Internet Chess Club"]
[Date "2021.09.25"]
[Round "3"]
[White "HO, COOPER:arsenicblast"]
[Black "NGUYEN, TIEN:ngthanhthuytien"]
[Result "0-1"]
[ICCResult "White resigns"]
[WhiteElo "2045"]
[BlackElo "2100"]
[Opening "Sicilian: Najdorf"]
[ECO "B90"]
[NIC "SI.14"]
[Time "18:00:13"]
[TimeControl "4500+10"]

1. e4 c5 2. Nf3 d6 3. d4 cxd4 4. Nxd4 Nf6 5. Nc3 a6 6. f3 e6 7. Be3 b5 8.
Qd2 Nbd7 9. O-O-O b4 10. Na4 Ne5 11. Qxb4 Bd7 12. Nb3 d5 13. Qd4 Nc6 14. Qd2
Bb4 15. c3 Be7 16. Nb6 Rb8 17. exd5 exd5 18. Nxd5 Nxd5 19. Qxd5 Qc7 20. Nc5
Bc8 21. Bd3 O-O 22. Qe4 g6 23. Bf4 Bd6 24. Bxd6 Qxd6 25. Nxa6 Bf5 26. Qe3
Rfe8 27. Qd2 Ne5 28. Be2 Qa3 29. Nxb8 Qxa2 30. Qd6 Qb1+ 31. Kd2 Qxb2+
{White resigns}
0-1

[Event "ICC tourney 2692 (75 10)"]
[Site "Internet Chess Club"]
[Date "2021.09.25"]
[Round "3"]
[White "HU, ALEXANDER C:ahu1015"]
[Black "TURCOTTE,JONATHAN:JonnyTurgi"]
[Result "1-0"]
[ICCResult "Black resigns"]
[WhiteElo "1965"]
[BlackElo "2062"]
[Opening "Caro-Kann: classical variation"]
[ECO "B18"]
[NIC "CK.10"]
[Time "18:00:07"]
[TimeControl "4500+10"]

1. e4 c6 2. d4 d5 3. Nd2 dxe4 4. Nxe4 Bf5 5. Ng3 Bg6 6. Nf3 Nd7 7. Bd3 Bxd3
8. Qxd3 e6 9. O-O Ngf6 10. Re1 Be7 11. c4 O-O 12. Bf4 Re8 13. Rad1 Qa5 14.
a3 b5 15. Ne5 bxc4 16. Qxc4 Nxe5 17. dxe5 Nd5 18. Bc1 Qb5 19. Qg4 Kh8 20.
Ne4 Red8 21. Qh5 Kg8 22. h4 Nf6 23. Nxf6+ gxf6 24. Bh6 f5 25. Bg5 Qb7 26.
Bf6 Bxf6 27. exf6 Kh8 28. Rxd8+ Rxd8 29. Rd1 Rg8 30. Qh6 c5 31. g3 Qc7 32.
Kh2 Qc8 33. Qd2 Qb8 34. b4 cxb4 35. Qxb4 Qe5 36. Qd4 Qe2 37. Rd2 Qf3 38. Qe3
Qg4 39. Rd7 Qg6 40. Qd4 a6 41. Rd8 h5 42. Rxg8+ Kxg8 43. Qd8+ Kh7 44. Qe7
Kg8 45. a4 a5 46. Qd8+ Kh7 47. Qd4 Qg4 48. Qa7 Kg6 49. Qxa5 Kxf6 50. Qd8+
Ke5 51. Qb8+ Kd5 52. Qb5+ Kd6 53. a5 Qd4 54. Qe2 f4 55. Qa2 Kc7 56. a6 Kb8
57. Qb3+ Kc8 58. Qb7+ Kd8 59. Qb8+ Kd7 60. Qb7+ Kd6 61. Qb8+ Kd7 62. Qxf4
Qxf4 63. gxf4 Kc7 64. f5 e5 65. f6 Kb6 66. Kg3 Kxa6 67. Kf3 Kb5 68. Ke4 Kc6
69. Kxe5 Kc5 70. Kf5 Kd5 71. Kg5 Ke5 72. f3 Ke6 73. f4 {Black resigns} 1-0

[Event "ICC tourney 2692 (75 10)"]
[Site "Internet Chess Club"]
[Date "2021.09.25"]
[Round "3"]
[White "LENDERMAN, ALEKSANDR:manest"]
[Black "IVANOV, ALEXANDER:marble"]
[Result "1/2-1/2"]
[ICCResult "Game drawn because neither player has mating material"]
[WhiteElo "2543"]
[BlackElo "2422"]
[Opening "Queen's Indian: old main line, 6.O-O"]
[ECO "E17"]
[NIC "QI.07"]
[Time "18:00:07"]
[TimeControl "4500+10"]

1. d4 Nf6 2. c4 e6 3. Nf3 b6 4. g3 Bb7 5. Bg2 Be7 6. O-O O-O 7. Re1 Na6 8.
a3 d5 9. cxd5 exd5 10. Nc3 c5 11. Bf4 Nc7 12. h3 Ne6 13. Be3 Ne4 14. dxc5
Nxc3 15. bxc3 bxc5 16. Rb1 Qc7 17. h4 Bc6 18. Qc2 Rab8 19. Ng5 Bxg5 20. Bxg5
d4 21. cxd4 Bxg2 22. Kxg2 Nxd4 23. Qe4 Rfe8 24. Rxb8 Qxb8 25. Rb1 Qc8 26.
Qd5 h6 27. Rb7 Qe6 28. Qxe6 Rxe6 29. Be3 Ra6 30. Bxd4 cxd4 31. Rb3 Kh7 32.
Kf1 Kg6 33. Ke1 Kf5 34. Kd2 Kg4 35. Rb7 Rf6 36. Ke1 Kh3 37. Rxa7 Kg2 38. g4
Rxf2 39. g5 hxg5 40. hxg5 Rf5 41. Kd2 Kg3 42. Kd3 Kf4 43. g6 fxg6 44. Kxd4
g5 45. Rxg7 g4 46. e4 Rf8 47. e5 Rd8+ 48. Kc5 Kxe5 49. Rxg4 Rc8+ 50. Kb6
Rb8+ 51. Kc7 Ra8 52. a4 Kd5 53. Kb7 Rh8 54. a5 Rh7+ 55. Kb6 Rh6+ 56. Kb5 Rh1
57. a6 Rb1+ 58. Ka5 Ra1+ 59. Kb6 Rb1+ 60. Kc7 Rc1+ 61. Kd7 Kc5 62. Kc7 Kd5+
63. Kd8 Kc6 64. Ra4 Rd1+ 65. Ke8 Re1+ 66. Kf7 Rf1+ 67. Kg6 Rf8 68. a7 Ra8
69. Ra1 Kb6 70. Rb1+ Kxa7 71. Ra1+ Kb7 72. Rxa8 Kxa8
{Game drawn because neither player has mating material}
1/2-1/2

[Event "ICC tourney 2692 (75 10)"]
[Site "Internet Chess Club"]
[Date "2021.09.25"]
[Round "3"]
[White "Gaw, Chloe:HarleyQueen8"]
[Black "Vittal, Sanjana:MCTS13"]
[Result "1-0"]
[ICCResult "Black forfeits on time"]
[WhiteElo "1922"]
[BlackElo "2056"]
[Opening "QGD: 3.Nc3"]
[ECO "D31"]
[NIC "QP.08"]
[Time "18:00:12"]
[TimeControl "4500+10"]

1. d4 d5 2. c4 e6 3. Nc3 Bb4 4. cxd5 exd5 5. Nf3 Nf6 6. Bg5 h6 7. Bh4 g5 8.
Bg3 Ne4 9. Rc1 Nc6 10. e3 h5 11. h3 Nxg3 12. fxg3 Qd6 13. Kf2 Bxc3 14. Rxc3
g4 15. hxg4 Bxg4 16. Bb5 Rg8 17. Qe2 Kf8 18. Bxc6 bxc6 19. Rhc1 Rb8 20. b3
Rb6 21. e4 Bxf3 22. Rxf3 h4 23. e5 Qh6 24. Qe3 hxg3+ 25. Rxg3 Qh4 26. Rh1
Qxg3+ 27. Qxg3 Rxg3 28. Kxg3 Ke7 29. Rc1 Kd7 30. Kf4 a5 31. Ke3 Ra6 32. Kd3
a4 33. b4 Ra8 34. Rf1 Ke7 35. Ke3 Rg8 36. Kf3 Rh8 37. Kg3 Rg8+ 38. Kf3 Rg5
39. g4 Rg8 40. Rh1 Rb8 41. a3 Rg8 42. Rh6 Kd7 43. Kf4 c5 44. dxc5 d4 45. Rh4
Ke6 46. Ke4 d3 47. Kxd3 Kxe5 48. Ke3 Kd5 49. Kd3 Ke5 50. Kc4 c6 51. b5 cxb5+
52. Kxb5 Kd5 53. Rh5+ Ke6 54. Kb6 Rxg4 55. c6 Rg3 56. Rc5 Rb3+ 57. Ka7 Kd6
58. c7 Kxc5 59. c8=Q+ Kd4 60. Qd7+ Kc3 61. Qxa4 Kb2 62. Qd4+ Kxa3 63. Ka6
Ka2 64. Ka5 f5 65. Ka4 Ra3+ 66. Kb4 Rb3+ 67. Kc4 Ra3 68. Qd2+ Kb1 69. Kb4
Ra2 70. Qd3+ Kb2 71. Qc3+ Kb1 72. Kb3 {Black forfeits on time} 1-0

[Event "ICC tourney 2692 (75 10)"]
[Site "Internet Chess Club"]
[Date "2021.09.26"]
[Round "4"]
[White "IVANOV, ALEXANDER:marble"]
[Black "Volkov, Sergey:Volkov"]
[Result "1-0"]
[ICCResult "Black resigns"]
[WhiteElo "2422"]
[BlackElo "2607"]
[Opening "French: Tarrasch, closed variation"]
[ECO "C05"]
[NIC "FR.16"]
[Time "11:00:20"]
[TimeControl "4500+10"]

1. e4 e6 2. d4 d5 3. Nd2 Nf6 4. e5 Nfd7 5. c3 c5 6. f4 Nc6 7. Ndf3 Qb6 8.
Ne2 a5 9. f5 cxd4 10. fxe6 fxe6 11. Nexd4 Nxd4 12. cxd4 Bb4+ 13. Bd2 O-O 14.
a3 Be7 15. Bd3 Nb8 16. O-O Nc6 17. Bxh7+ Kxh7 18. Ng5+ Kg6 19. Rxf8 Qxd4+
20. Kh1 Bxg5 21. Qf1 Nxe5 22. Bc3 Qc4 23. Bxe5 Qxf1+ 24. Raxf1 b6 25. Rg8
Ba6 26. Rxg7+ Kh5 27. Rf3 Rc8 28. Rh3+ Bh4 29. g4+ {Black resigns} 1-0

[Event "ICC tourney 2692 (75 10)"]
[Site "Internet Chess Club"]
[Date "2021.09.26"]
[Round "4"]
[White "HO, CARTER:corviknight"]
[Black "HO, COOPER:arsenicblast"]
[Result "1-0"]
[ICCResult "Black resigns"]
[WhiteElo "1903"]
[BlackElo "2045"]
[Opening "Giuoco Piano"]
[ECO "C54"]
[NIC "IG.02"]
[Time "11:00:26"]
[TimeControl "4500+10"]

1. e4 e5 2. Nf3 Nc6 3. Bc4 Bc5 4. c3 Nf6 5. d3 d6 6. O-O O-O 7. Nbd2 a6 8.
Bb3 Ba7 9. h3 h6 10. Re1 Nh5 11. Nf1 Qf6 12. Be3 Bxe3 13. Nxe3 Nf4 14. d4
Qg6 15. Kh2 Na5 16. Bc2 Nc4 17. Rg1 Nxb2 18. Qb1 Qh5 19. h4 exd4 20. cxd4
Qb5 21. a4 Qd7 22. Qxb2 g5 23. Nf5 g4 24. Qc1 g3+ 25. fxg3 {Black resigns}
1-0

[Event "ICC tourney 2692 (75 10)"]
[Site "Internet Chess Club"]
[Date "2021.09.26"]
[Round "4"]
[White "Gaw, Chloe:HarleyQueen8"]
[Black "SHEEHAN, ETHAN THOMAS:Chessking2008"]
[Result "0-1"]
[ICCResult "White checkmated"]
[WhiteElo "1922"]
[BlackElo "2180"]
[Opening "Nimzo-Indian: classical variation"]
[ECO "E32"]
[NIC "NI.20"]
[Time "11:00:29"]
[TimeControl "4500+10"]

1. d4 Nf6 2. c4 e6 3. Nc3 Bb4 4. Qc2 O-O 5. a3 Bxc3+ 6. Qxc3 b6 7. Bg5 Bb7
8. f3 h6 9. Bh4 c5 10. dxc5 bxc5 11. Bxf6 Qxf6 12. Qxf6 gxf6 13. e3 Nc6 14.
O-O-O Rfd8 15. Nh3 Na5 16. Kc2 Ba6 17. Kc3 Rab8 18. b4 cxb4+ 19. axb4 Nxc4
20. Bxc4 Rdc8 21. Rd4 d5 22. Ra1 Bxc4 23. Rxa7 f5 24. Rh4 Bf1+ 25. Kb3 Bxg2
26. Rxh6 Rc4 27. Nf4 Rcxb4+ 28. Ka3 Rb1 29. Ka2 Bf1 30. Ra4 Bc4+ 31. Rxc4
dxc4 32. Rh3 R1b3 33. Rg3+ Kf8 34. Nxe6+ fxe6 35. h4 Ra8# {White checkmated}
0-1

[Event "ICC tourney 2692 (75 10)"]
[Site "Internet Chess Club"]
[Date "2021.09.26"]
[Round "4"]
[White "MYSORE, ABHINAV NAVEEN:Mapking1"]
[Black "LIANG, JASON:Jupiter435"]
[Result "0-1"]
[ICCResult "White resigns"]
[WhiteElo "2012"]
[BlackElo "2316"]
[Opening "Sicilian: Taimanov (Bastrikov) variation"]
[ECO "B47"]
[NIC "SI.40"]
[Time "11:00:39"]
[TimeControl "4500+10"]

1. e4 c5 2. Nf3 e6 3. d4 cxd4 4. Nxd4 Nc6 5. Nc3 Qc7 6. Nxc6 bxc6 7. Bd3 Nf6
8. O-O d5 9. Qe2 Bd6 10. h3 O-O 11. f4 e5 12. exd5 cxd5 13. Nb5 Qb6+ 14. Be3
Bc5 15. Bxc5 Qxc5+ 16. Qf2 Qxf2+ 17. Rxf2 e4 18. Bf1 Rb8 19. b3 Bd7 20. Nd4
Rbc8 21. a4 Rc3 22. a5 Rb8 23. a6 Rb4 24. Rd2 e3 25. Rdd1 Kf8 26. Be2 Ne4
27. Ra5 Rc7 28. Rd3 Nc5 29. Rc3 Nxa6 30. Rxc7 Nxc7 31. Rxa7 Rxd4 32. Rxc7
Bf5 33. Rc3 Re4 34. g4 d4 35. Rc7 Be6 36. f5 Bd5 37. c4 dxc3 38. Rxc3 Ke7
39. Kf1 Kd6 40. Bc4 Bxc4+ 41. bxc4 Kc5 42. Ke2 Kd4 43. Rc1 Rf4 44. Rd1+ Ke4
45. Rf1 Rxf1 46. Kxf1 Kd3 47. Ke1 Kxc4 48. h4 Kd3 49. h5 Ke4 50. h6 gxh6
{White resigns}
0-1

[Event "ICC tourney 2692 (75 10)"]
[Site "Internet Chess Club"]
[Date "2021.09.26"]
[Round "4"]
[White "HEBDEN, MARK L:mhebden"]
[Black "LENDERMAN, ALEKSANDR:manest"]
[Result "1/2-1/2"]
[ICCResult "Game drawn by mutual agreement"]
[WhiteElo "2503"]
[BlackElo "2543"]
[Opening "Queen's pawn: Yusupov-Rubinstein system"]
[ECO "A40"]
[NIC "QO.17"]
[Time "11:00:53"]
[TimeControl "4500+10"]

1. d4 e6 2. Nf3 Nf6 3. e3 b6 4. Bd3 Bb7 5. O-O d5 6. b3 Nbd7 7. Bb2 Bd6 8.
Ne5 O-O 9. Nd2 Rc8 10. Qe2 c5 11. c4 Ne4 12. Rad1 Ndf6 13. cxd5 Nxd2 14.
Rxd2 exd5 15. dxc5 bxc5 16. Ng4 Nxg4 17. Qxg4 g6 18. Rfd1 Qe7 19. Bc4 Qe6
20. Qg5 Be7 21. Qh6 Bf6 22. Bxd5 Bxd5 23. Bxf6 Qxf6 24. Rxd5 c4 25. bxc4
Rxc4 26. Rh5 Qg7 27. Qxg7+ Kxg7 28. Ra5 Rd8 29. Rf1 Rd7 30. g3 h5 31. Kg2
Rc2 32. h3 Rb2 33. g4 hxg4 34. hxg4 Rdd2 35. a3 Rb3 36. Kg3 Ra2 37. Rxa7
Rbxa3 38. Rxa3 Rxa3 39. g5 Ra5 40. Kg4 Ra4+ 41. f4 Ra3 42. Kf3 Rb3 43. Ra1
Rc3 44. Ra4 Rb3 45. Ke4 Rb7 46. Ra5 Re7+ 47. Kd4 Rd7+ 48. Rd5 Ra7 49. e4
Ra4+ 50. Ke5 Ra7 51. Rc5 Re7+ 52. Kd4 Rd7+ 53. Rd5 Ra7 54. e5 Ra4+ 55. Ke3
Kf8 56. Rd6 Ra3+ 57. Ke4 Ra4+ 58. Kf3 Ra3+ 59. Kg4 Kg7 60. Rd1 Rb3 61. Rf1
Ra3 62. Rf3 Ra4 63. Rb3 Rc4 64. Rb7 Kf8 65. Rb6 Rc3 66. e6 fxe6 67. Rxe6 Kf7
68. Rf6+ Kg7 69. Rd6 Kf7 70. Rd7+ Kf8 71. Rd1 Ra3 72. Rf1 Kf7 73. Rf3 Ra1
74. Kg3 Rg1+ 75. Kf2 Ra1 76. Rb3 Ra2+ 77. Kf3 Ra1 78. Rb7+ Kf8 79. Ke4 Ra4+
80. Ke5 Ra5+ 81. Ke4 Ra4+ 82. Kf3 Ra3+ 83. Kg4 Ra1 84. Rc7 Ra3 85. Rc1 Rb3
86. Rf1 Kf7 87. Rf3 Rb1 88. Rd3 Rg1+ 89. Kf3 Rf1+ 90. Ke4 Re1+ 91. Kd5 Ra1
92. Rd4 Ra5+ 93. Ke4 Ra7 94. Rd6 Re7+ 95. Kd4 Ra7 96. Rf6+ Kg7 97. Rc6 Kf7
98. Kd5 Rd7+ 99. Kc5 Rd1 100. Rf6+ Kg7 101. Rd6 Rc1+ 102. Kd5 Rd1+ 103. Ke5
{Game drawn by mutual agreement}
1/2-1/2

[Event "ICC tourney 2692 (75 10)"]
[Site "Internet Chess Club"]
[Date "2021.09.26"]
[Round "4"]
[White "HU, ALEXANDER C:ahu1015"]
[Black "JORAJURIA MENDOZA, ALGOL:AJM04"]
[Result "1-0"]
[ICCResult "Black resigns"]
[WhiteElo "1965"]
[BlackElo "2050"]
[Opening "Sicilian: Pelikan (Lasker/Sveshnikov) variation"]
[ECO "B33"]
[NIC "SI.35"]
[Time "11:00:27"]
[TimeControl "4500+10"]

1. e4 c5 2. Nf3 Nc6 3. d4 cxd4 4. Nxd4 Nf6 5. Nc3 e5 6. Ndb5 d6 7. Nd5 Nxd5
8. exd5 Nb8 9. a4 Be7 10. Be2 O-O 11. O-O f5 12. Bd2 a6 13. Na3 a5 14. Nc4
Nd7 15. f4 Bf6 16. Kh1 Qc7 17. Be3 b6 18. fxe5 Bxe5 19. Nxe5 dxe5 20. d6 Qc6
21. Bb5 Qe4 22. Qf3 Qxf3 23. Rxf3 f4 24. Bd2 Nc5 25. Bc4+ Kh8 26. Bd5 Bb7
27. Bxb7 Nxb7 28. Re1 Nxd6 29. Rxe5 Nc4 30. Re2 Rad8 31. Be1 g5 32. g3 fxg3
33. Rxf8+ Rxf8 34. Bxg3 Rf3 35. b3 Ne3 36. Bf2 Nd5 37. Kg2 g4 38. Bd4+ Kg8
39. Rf2 Ne3+ 40. Kg1 Rxf2 41. Kxf2 Nxc2 42. Bxb6 Na1 43. Bxa5 Nxb3 44. Bb6
Nd2 45. a5 Nc4 46. Bc7 {Black resigns} 1-0

[Event "ICC tourney 2692 (75 10)"]
[Site "Internet Chess Club"]
[Date "2021.09.26"]
[Round "4"]
[White "TURCOTTE,JONATHAN:JonnyTurgi"]
[Black "HEBBAR, ESHAAN:solveur"]
[Result "1-0"]
[ICCResult "Black checkmated"]
[WhiteElo "2062"]
[BlackElo "1986"]
[Opening "QGD Slav: Wiesbaden variation"]
[ECO "D17"]
[NIC "SL.04"]
[Time "11:00:32"]
[TimeControl "4500+10"]

1. d4 d5 2. c4 c6 3. Nf3 Nf6 4. Nc3 dxc4 5. a4 Bf5 6. Ne5 e6 7. f3 Bb4 8.
Nxc4 O-O 9. Kf2 Nbd7 10. e4 Bg6 11. Qb3 a5 12. Be2 c5 13. Na2 cxd4 14. Nxb4
Nc5 15. Qa3 axb4 16. Qxb4 Qe7 17. Bd2 d3 18. Bd1 Rac8 19. Nb6 Rc6 20. a5 Qd6
21. g3 Rd8 22. Re1 Nfd7 23. Nxd7 Qxd7 24. Kg1 Na6 25. Qa4 Qd4+ 26. Qxd4 Rxd4
27. Bc3 Rd8 28. Ba4 Rcc8 29. Rad1 Nc5 30. Bb5 f5 31. exf5 Bxf5 32. g4 Bg6
33. Re3 Rd6 34. Be5 Rd5 35. Bc4 Rdd8 36. b4 Nd7 37. Bxe6+ Kh8 38. f4 Rc2 39.
Rexd3 Bxd3 40. Rxd3 Rc1+ 41. Kg2 Rc2+ 42. Kg3 h6 43. Rxd7 Rxd7 44. Bxd7 Rc4
45. b5 Ra4 46. Bc7 Ra3+ 47. Kh4 Rd3 48. Be6 Re3 49. Bf5 Rb3 50. b6 Ra3 51.
Bc8 Rxa5 52. Bxb7 g5+ 53. fxg5 hxg5+ 54. Kh5 Kg7 55. Bc8 Ra3 56. b7 Kf6 57.
Bd8+ Kg7 58. b8=Q Rh3+ 59. Kxg5 Kf7 60. Qf4+ Ke8 61. Qa4+ Kf8 62. Qb4+ Kg7
63. Bf6+ Kg8 64. Be6+ Kh7 65. Qe7# {Black checkmated} 1-0

[Event "ICC tourney 2692 (75 10)"]
[Site "Internet Chess Club"]
[Date "2021.09.26"]
[Round "4"]
[White "Belous, Vladimir:Openyagami"]
[Black "JACOBSON, BRANDON:tactics321"]
[Result "1-0"]
[ICCResult "Black resigns"]
[WhiteElo "2614"]
[BlackElo "2489"]
[Opening "Réti: King's Indian attack (Barcza system)"]
[ECO "A07"]
[NIC "QP.09"]
[Time "11:01:00"]
[TimeControl "4500+10"]

1. Nf3 d5 2. g3 Nd7 3. Bg2 e5 4. O-O Ngf6 5. d3 Bd6 6. Nbd2 O-O 7. b3 a5 8.
a3 Re8 9. e4 c6 10. Bb2 d4 11. c3 dxc3 12. Bxc3 Nc5 13. Nc4 Bc7 14. Nfxe5
Be6 15. Rb1 Ra6 16. Qc2 Bxc4 17. Nxc4 Qxd3 18. Qxd3 Nxd3 19. Rfd1 Ne5 20.
Nd6 Bxd6 21. Rxd6 Ned7 22. e5 Nxe5 23. Re1 Ng6 24. Rxe8+ Nxe8 25. Rd8 Kf8
26. Rb8 b5 27. Bd4 Ke7 28. Bc5+ {Black resigns} 1-0